 Dungeon Crawl Stone Soup version 0.28.0-62-gf88900778d (webtiles) character file.

Game seed: 8951554024744508772

2524 cbfl8 the Cleaver (level 9, -5/111 (112) HPs)
             Began as a Minotaur Berserker on May 24, 2023.
             Was an Elder of Trog.
             Slain by a wight
             ... wielding a +3 great sword of freezing
              (11 damage)
             ... on level 7 of the Dungeon.
             The game lasted 00:06:19 (6547 turns).

cbfl8 the Cleaver (Minotaur Berserker)              Turns: 6547, Time: 00:06:20

HP:   -5/111 (112)  AC: 13    Str: 22    XL:     9   Next: 29%
MP:   8/8           EV:  8    Int:  4    God:    Trog [****..]
Gold: 252           SH: 11    Dex: 14    Spells: 8/8 levels left

rFire   + . .      SeeInvis .   c - +0 broad axe
rCold   . . .      Faith    .   x - +2 kite shield
rNeg    . . .      Spirit   .   A - +1 chain mail {rF+}
rPois   .          Reflect  .   (helmet restricted)
rElec   .          Harm     .   (no cloak)
rCorr   .          Rampage  .   (no gloves)
Will    .....                   o - +0 pair of boots
Stlth   ..........              (no amulet)
HPRegen 0.28/turn               (no ring)
MPRegen 0.11/turn               (no ring)

@: berserking, lightly drained, very quick
A: horns 2, retaliatory headbutt
a: Renounce Religion, Berserk, Trog's Hand, Brothers in Arms


You were on level 7 of the Dungeon.
You worshipped Trog.
Trog was greatly pleased with you.
You visited 1 branch of the dungeon, and saw 7 of its levels.
You also visited: Sewer.

You collected 252 gold pieces.

Inventory:

Hand Weapons
 c - a +0 broad axe (weapon)
Armour
 o - a +0 pair of boots (worn)
 x - a +2 kite shield (worn)
 A - a +1 chain mail of fire resistance (worn)
Wands
 w - a wand of iceblast (8) (quivered)
 z - a wand of polymorph (8)
Scrolls
 b - a scroll of vulnerability {unknown}
 d - 3 scrolls of enchant armour
 e - 2 scrolls of fog
 f - a scroll of magic mapping {unknown}
 g - a scroll of noise
 h - 3 scrolls of immolation
 i - 2 scrolls of fear
 j - 6 scrolls of teleportation
 q - a scroll of blinking {unknown}
 y - a scroll of summoning {unknown}
Potions
 k - 2 potions of brilliance {unknown}
 l - a potion of invisibility {unknown}
 m - a potion of heal wounds {unknown}
 n - 2 potions of haste {unknown}
 p - 2 potions of degeneration {unknown}
 r - a potion of magic {unknown}
 s - a potion of experience {unknown}
 t - a potion of cancellation {unknown}
 u - a potion of flight {unknown}
 v - a potion of curing


   Skills:
 + Level 6.3 Fighting
 + Level 9.4 Axes
 + Level 7.6 Armour
 + Level 3.6 Dodging
 + Level 1.2 Stealth
 + Level 3.7 Shields
 * Level 4.7 Evocations


You had 8 spell levels left.
You didn't know any spells.
Your spell library was empty.

Dungeon Overview and Level Annotations

Branches:
Dungeon (7/15)             Temple (0/1) D:4           Sewer (visited)

Altars:
Nemelex Xobeh
Qazlal
Uskayaw
Wu Jian

Shops:
D:5 (


Innate Abilities, Weirdness & Mutations

You have a pair of horns on your head.
You reflexively headbutt those who attack you in melee.


Message History

Pikel freezes you.
* * * LOW HITPOINT WARNING * * *
You slash Pikel!
You kill Pikel!
Trog accepts your kill.
You slash the wight!
The wight hits you from afar with a +0 spear.
* * * LOW HITPOINT WARNING * * *
You block the wight's attack. The wight closely misses you.
A red film seems to cover your vision as you go berserk!
You feel yourself moving faster!
You feel mighty! You block the wight's attack. x2
You completely miss the wight.
The wight is heavily damaged.
The wight hits you with a +3 flail of freezing.
* * * LOW HITPOINT WARNING * * *
You feel drained.
* * * LOW HITPOINT WARNING * * *
The wight freezes you.
* * * LOW HITPOINT WARNING * * *
The wight hits you from afar with a +0 spear.
* * * LOW HITPOINT WARNING * * *
You hit the wight but do no damage. You headbutt the wight!
You destroy the wight!
Trog accepts your kill. The wight barely misses you.
A wight comes into view.
It is wielding a +3 great sword of freezing.
Things that are here:
a +1 whip of freezing; a +0 robe; the kobold corpse of Pikel You slash the wight!
The wight is almost destroyed.
You hear the creaking of a portcullis nearby.
You barely miss the wight. Your headbutt misses the wight.
The wight is almost destroyed.
You block the wight's attack.
You hit the wight.
You destroy the wight!
Trog accepts your kill.
You slash the wight!
The wight hits you with a +3 great sword of freezing!
You die...

#.......#......#
#.......#.####.#
#.......#....#..
#.......+..#...#
#.......#..>...#
.....##..#..###.#
###.####........#
#.....)...#...#
########.#..)@#
#.....)z....#
######.###### ..#
###


You could see a wight.

Vanquished Creatures
  Pikel (D:7)
  2 orc warriors
  2 ice beasts (D:5)
  A black bear (D:5)
  2 ogres (D:6)
  2 bullfrogs (Sewer)
  A gnoll sergeant (D:6)
  3 scorpions
  2 wights (D:7)
  A howler monkey (D:5)
  2 jellies (D:4)
  An orc priest (D:6)
  3 orc wizards
  A killer bee zombie (D:5)
  8 gnolls
  2 river rats (Sewer)
  4 adders
  A white imp (D:5)
  An ufetubus (D:6)
  3 worms
  A dart slug (D:4)
  15 orcs
  10 endoplasms
  7 giant cockroaches
  8 hobgoblins
  2 quokkas
  20 ball pythons
  5 bats
  4 frilled lizards
  9 goblins
  8 kobolds
  25 rats
157 creatures vanquished.

Vanquished Creatures (collateral kills)
  Maggie (D:7)
  Menkaure (D:7)
  Duvessa (D:6)
  2 lemures (D:7)
  Dowan (D:6)
  An orc (D:6)
7 creatures vanquished.

Grand Total: 164 creatures vanquished

Notes
Turn   | Place    | Note
-------+----------+-------------------------------------------
     0 | D:1      | cbfl8 the Minotaur Berserker began the quest for the Orb.
     0 | D:1      | Reached XP level 1. HP: 19/19 MP: 0/0
   264 | D:1      | You fall into a shaft and drop 1 floor!
   310 | D:2      | Found a faded altar of an unknown god.
   413 | D:2      | Reached skill level 4 in Axes
   413 | D:2      | Reached XP level 2. HP: 27/27 MP: 1/1
  1189 | D:2      | Reached XP level 3. HP: 11/33 MP: 2/2
  2302 | D:3      | Reached ** piety under Trog
  2557 | D:3      | Reached XP level 4. HP: 40/40 MP: 3/3
  2563 | D:3      | Reached skill level 1 in Evocations
  2899 | D:4      | Reached skill level 5 in Axes
  2899 | D:4      | Reached XP level 5. HP: 37/46 MP: 4/4
  2912 | D:4      | Found a staircase to the Ecumenical Temple.
  3125 | D:4      | Found a glowing drain.
  3144 | Sewer    | Entered a sewer
  3194 | Sewer    | Reached *** piety under Trog
  3428 | Sewer    | Reached skill level 6 in Axes
  3438 | Sewer    | Reached XP level 6. HP: 13/53 MP: 5/5
  4020 | D:5      | Entered Level 5 of the Dungeon
  4093 | D:5      | Found Sitre's Weapon Shop.
  4184 | D:5      | Noticed an ice beast
  4192 | D:5      | Killed an ice beast
  4193 | D:5      | Reached skill level 5 in Armour
  4193 | D:5      | Reached XP level 7. HP: 45/60 MP: 6/6
  4360 | D:5      | Reached skill level 5 in Fighting
  4570 | D:5      | Reached skill level 7 in Axes
  4776 | D:5      | Reached **** piety under Trog
  5353 | D:6      | Found a sparkling altar of Nemelex Xobeh.
  5355 | D:6      | Found an ornate altar of the Wu Jian Council.
  5361 | D:6      | Found a hide-covered altar of Uskayaw.
  5398 | D:6      | Found a stormy altar of Qazlal.
  5427 | D:6      | Reached XP level 8. HP: 54/69 MP: 7/7
  5607 | D:6      | Reached skill level 1 in Stealth
  5694 | D:6      | Noticed Duvessa
  5697 | D:6      | Noticed Dowan
  5701 | D:6      | Reached skill level 8 in Axes
  5708 | D:6      | Reached skill level 1 in Shields
  5722 | D:6      | Killed Duvessa
  5726 | D:6      | Killed Dowan
  6505 | D:7      | Noticed Maggie
  6514 | D:7      | Killed Maggie
  6515 | D:7      | Reached skill level 9 in Axes
  6526 | D:7      | Noticed Menkaure
  6530 | D:7      | Killed Menkaure
  6531 | D:7      | Reached XP level 9. HP: 28/75 MP: 8/8
  6534 | D:7      | Noticed Pikel
  6540 | D:7      | Killed Pikel
  6542 | D:7      | HP: 5/109 [wight/+0 spear (1)]
  6547 | D:7      | Slain by a wight

Illustrated notes

Levels and vault maps discovered:
D:1:      dpeg_arrival_renting, layout_basic
D:2:      layout_loops_cross, hellmonk_ecumenical_altar_run_dry
D:3:      layout_basic
D:4:      layout_rooms, minmay_temple_entry_crystal_x, portal_sewer_entry_c,
          kennysheep_nondescript, due_unseen_surprise
D:5:      layout_basic, serial_shops, nicolae_take_the_stairs,
          minmay_misc_feat_rugged
D:6:      layout_loops_cross, minitemple, grunt_qazlal_sundering,
          grunt_ministairs_15, uniq_duvessa
D:7:      layout_basic, okawaru_trees_2, enter_bailey_4, minmay_misc_feat_iff,
          uniq_menkaure, uniq_maggie, uniq_pikel

Skill      XL: |  1  2  3  4  5  6  7  8 |
---------------+-------------------------+-----
Fighting       | 4 5 6 |  6.3
Axes           | 4 5 6 7 9 |  9.4
Armour         | 3 4 5 6 7 |  7.6
Evocations     | 1 2 3 4 |  4.7
Dodging        | 3 |  3.6
Stealth        | 1 |  1.2
Shields        | 3 |  3.7

Action                   |  1- 3 |  4- 6 |  7- 9 || total
-------------------------+-------+-------+-------++-------
Melee: Hand axe          |   114 |   152 |   120 ||   386
       Headbutt          |    17 |    24 |    37 ||    78
       Punch             |       |     3 |       ||     3
       Broad axe         |       |       |    12 ||    12
Invok: Berserk           |     1 |     1 |     3 ||     5
       Brothers in Arms  |       |       |     2 ||     2
       Trog's Hand       |       |       |     1 ||     1
  Use: Scroll            |       |       |     6 ||     6
Armor: Chain mail        |    58 |    99 |    40 ||   197
       Skin              |       |       |    12 ||    12
Dodge: Dodged            |    38 |    77 |    53 ||   168
Block: Kite shield       |       |       |    62 ||    62
